 Dungeon Crawl Stone Soup version 0.23-a0-650-ga4d50d4 (webtiles) character file.

74 dondy the Chopper (level 4, -1/39 HPs)
             Began as a Hill Orc Monk on Jan 6, 2019.
             Slain by a jelly (3 damage)
             ... on level 5 of the Dungeon.
             The game lasted 00:02:46 (866 turns).

dondy the Chopper (Hill Orc Monk)                    Turns: 866, Time: 00:02:46

Health: -1/39      AC: -6    Str: 14    XL:     4   Next: 28%
Magic:  4/4        EV:  4    Int: 10    God:
Gold:   44         SH:  0    Dex: 13    Spells: 3/3 levels left

rFire    . . .     SeeInvis .   a - +0 hand axe
rCold    . . .     Gourm    .   (no shield)
rNeg     . . .     Faith    .   g - +0 plate armour
rPois    .         Spirit   .   (no helmet)
rElec    .         Reflect  .   (no cloak)
rCorr    .         Harm     .   (no gloves)
MR       .....                  (no boots)
Stlth    ..........             (no amulet)
HPRegen  0.13/turn              (no ring)
MPRegen  0.09/turn              (no ring)

@: corroded
A: no striking features
a: no special abilities


You were on level 5 of the Dungeon.
You were not hungry.

You visited 1 branch of the dungeon, and saw 5 of its levels.

You collected 44 gold pieces.

Inventory:

Hand Weapons
 a - a +0 hand axe (weapon)
Missiles
 e - 8 tomahawks of dispersal (quivered)
 h - 2 tomahawks
Armour
 g - a +0 plate armour (worn)
Scrolls
 b - a scroll of teleportation {unknown}
 f - a scroll of magic mapping {unknown}
Potions
 d - a potion of heal wounds
Comestibles
 c - 4 rations


   Skills:
 - Level 3.6 Fighting
 + Level 6.6 Axes
 - Level 2.4 Dodging
 - Level 1.5 Stealth


You had 3 spell levels left.
You didn't know any spells.
Your spell library was empty.

Dungeon Overview and Level Annotations

Branches:
Dungeon (5/15)
 Temple: D:4-7

Altars:
Hepliaklqana


Message History

The jelly barely misses you.
You hit the jelly but do no damage. The acid corrodes you!
Your hands burn!
The jelly is heavily wounded.
The jelly hits you but does no damage.
You hit the jelly but do no damage.
Your hands burn!
The jelly is heavily wounded.
The jelly hits you. The acid corrodes you!
You are splashed with acid!
The acid burns!
You hit the jelly but do no damage.
Your hands burn!
The jelly is heavily wounded.
The jelly barely misses you.
You hit the jelly but do no damage. The acid corrodes you!
Your hands burn!
The jelly is heavily wounded.
The jelly hits you.
You are splashed with acid!
The acid burns!
* * * LOW HITPOINT WARNING * * *
You hit the jelly but do no damage.
Your hands burn!
* * * LOW HITPOINT WARNING * * *
The jelly is heavily wounded.
The jelly hits you.
You die...

.# #.# ###########
#.#####..........
..........####### #
#...............# ###.
#.......#.#####.#
#.... ###.#.....#.# #
#.$...####J@...#...#.#
#
..._.......#.#####.#.#
#
#.....###..........#.#
# #.... ####.#######.#
# ###. #.# .# # # #.#
#.# ..# ###


You could see a jelly.

Vanquished Creatures
  2 worker ants (D:4)
  An adder (D:4)
  A shadow imp (D:5)
  An ooze (D:2)
  2 goblins
  A bat (D:3)
  A frilled lizard (D:1)
  3 rats
12 creatures vanquished.

Notes
Turn   | Place    | Note
-------+----------+-------------------------------------------
     0 | D:1      | dondy the Hill Orc Monk began the quest for the Orb.
     0 | D:1      | Reached XP level 1. HP: 19/19 MP: 1/1
   226 | D:2      | Reached XP level 2. HP: 26/26 MP: 2/2
   372 | D:5      | Entered Level 5 of the Dungeon
   379 | D:5      | Noticed a scorpion
   381 | D:5      | Reached skill level 5 in Axes
   407 | D:4      | Reached XP level 3. HP: 25/31 MP: 3/3
   487 | D:4      | Reached skill level 6 in Axes
   610 | D:4      | Reached XP level 4. HP: 24/39 MP: 4/4
   850 | D:5      | Found a hazy altar of Hepliaklqana.
   866 | D:5      | Slain by a jelly

Vault maps used:
D:1:      matt_arrival_refuge, minmay_heptomino_w4
D:2:      dk_xom_monty_hall, uniq_terence
D:3:      first_ration, chequers_ecumenical_altar_island
D:4:      minmay_temple_entry_statues_fountains, kennysheep_generic_room_10
D:5:      lemuel_ice_spiral_2, nicolae_overflow_crystal_walls,
          nemelex_xobeh_ov_fountains_minmay, uniq_duvessa

Skill      XL: |  1  2  3 |
---------------+----------+-----
Axes           | 5 6 |  6.6
Fighting       | |  3.6
Dodging        | |  2.4
Stealth        | |  1.5

Action                   |  1- 3 |  4- 6 || total
-------------------------+-------+-------++-------
Melee: Hand axe          |    84 |     6 ||    90
  Use: Potion            |     1 |       ||     1
Armor: Scale mail        |     2 |       ||     2
       Plate armour      |    54 |     1 ||    55
Dodge: Dodged            |    20 |     2 ||    22

Table legend:
 A = Non-vault XP
 B = Vault XP
 C = Vault XP percentage of total XP
 D = Non-vault monster count
 E = Vault monster count
 F = Vault count percentage of total count
                 A         B        C        D         E       F
            +---------+---------+-------+---------+---------+-------
      Total |     106 |       0 |   0.0 |      12 |       0 |   0.0
            +---------+---------+-------+---------+---------+-------
        D:1 |       3 |       0 |   0.0 |       2 |       0 |   0.0
        D:2 |       8 |       0 |   0.0 |       2 |       0 |   0.0
        D:3 |       5 |       0 |   0.0 |       4 |       0 |   0.0
        D:4 |      78 |       0 |   0.0 |       3 |       0 |   0.0
        D:5 |      12 |       0 |   0.0 |       1 |       0 |   0.0
            +---------+---------+-------+---------+---------+-------
